 Dungeon Crawl Stone Soup version 0.22.1-1-ga44c0e56f4 (webtiles) character file.

16856 Gunterle the Skirmisher (level 11, -2/139 HPs)
             Began as a Demigod Skald on Oct 16, 2018.
             Slain by Snorg (11 damage)
             ... on level 1 of the Orcish Mines.
             The game lasted 01:48:47 (18929 turns).

Gunterle the Skirmisher (Demigod Skald)            Turns: 18929, Time: 01:48:47

Health: -2/139     AC: 28    Str: 18    XL:     11   Next: 85%
Magic:  13/25      EV:  2    Int: 23    God:
Gold:   1125       SH:  0    Dex: 20    Spells: 5/24 levels left

rFire    . . .     SeeInvis .   b - +3 quarterstaff
rCold    . . .     Gourm    .   (shield currently unavailable)
rNeg     + + +     Faith    .   (armour currently unavailable)
rPois    +         Spirit   .   (helmet currently unavailable)
rElec    .         Reflect  .   (cloak currently unavailable)
rCorr    .         Harm     .   (gloves currently unavailable)
MR       +....     NoTele   +   (boots currently unavailable)
Stlth    +++.......             (no amulet)
HPRegen  0.33/turn              p - +3 ring of protection
MPRegen  0.19/turn              m - +4 ring of strength

@: agile, tree-form, infused
A: high mp 1
a: no special abilities


You were on level 1 of the Orcish Mines.
You were not hungry.
You were a tree.
You visited 3 branches of the dungeon, and saw 15 of its levels.

You collected 1366 gold pieces.
You spent 241 gold pieces at shops.

Inventory:

Hand Weapons
 b - a +3 quarterstaff (weapon)
 g - a +0 flail of holy wrath
 B - a +2 trident of piercing
 D - a +1 antimagic trident
 E - a +2 whip of freezing
Missiles
 f - a throwing net (quivered)
 j - 9 tomahawks
 Q - 3 poisoned tomahawks
Armour
 l - a +0 pair of boots (melded)
 n - a +4 scale mail of cold resistance (melded)
 w - a +1 leather armour of fire resistance
 y - a +2 pair of gloves (melded)
 J - a +0 helmet (melded)
Jewellery
 m - a +4 ring of strength (right branch)
 p - a +3 ring of protection (left branch)
Wands
 a - a wand of flame (29)
 H - a wand of iceblast (13)
 P - a wand of disintegration (2)
 R - a wand of acid (5)
Scrolls
 e - 3 scrolls of teleportation
 h - 2 scrolls of immolation
 k - 3 scrolls of fear
 o - 6 scrolls of remove curse
 s - a scroll of fog
 I - a scroll of enchant armour
Potions
 c - 2 potions of ambrosia
 i - 8 potions of curing
 r - a potion of invisibility
 u - 3 potions of brilliance
 z - 2 potions of degeneration
 A - a potion of lignification
 F - a potion of agility
 L - 2 potions of resistance
 O - 2 potions of haste
Comestibles
 d - 16 rations


   Skills:
 + Level 7.7 Fighting
 - Level 2.8(5.3) Polearms
 + Level 7.0(7.3) Staves
 + Level 4.6 Armour
 - Level 7.6 Dodging
 + Level 7.1 Spellcasting
 + Level 2.3 Conjurations
 - Level 5.3 Hexes
 - Level 5.3 Charms
 + Level 2.8 Necromancy
 - Level 4.9 Translocations


You had 5 spell levels left.
You knew the following spells:

 Your Spells              Type           Power        Failure   Level  Hunger
a - Infusion              Chrm           ####         1%          1    None
b - Shroud of Golubria    Chrm/Tloc      ####......   1%          2    None
c - Song of Slaying       Chrm           ####....     1%          2    None
d - Spectral Weapon       Hex/Chrm       ####....     2%          3    None
e - Regeneration          Chrm/Necr      ####......   4%          3    None
f - Slow                  Hex            ####....     1%          2    None
g - Blink                 Tloc           N/A          1%          2    None
h - Sticky Flame          Conj/Fire      ##......     43%         4    ###....

Your spell library contained the following spells:

 Spells                   Type           Power        Failure   Level  Hunger
 Magic Dart               Conj           ###.         3%          1    None
 Sting                    Conj/Pois      ##..         4%          1    None
 Throw Flame              Conj/Fire      ##....       7%          2    None
 Call Imp                 Summ           #.......     12%         2    None
 Poisonous Vapours        Pois/Air       #.....       12%         2    None
 Conjure Flame            Conj/Fire      ##......     14%         3    None
 Mephitic Cloud           Conj/Pois/Air  ##......     17%         3    None
 Spider Form              Tmut/Pois      #.........   22%         3    None
 Alistair's Intoxication  Tmut/Pois      #.......     91%         5    #####..


Dungeon Overview and Level Annotations

Branches:
Dungeon (11/15)            Temple (0/1) D:5            Lair (2/6) D:9
 Spider (0/4) Lair:2          Orc (2/2) D:10
  Swamp: Lair:2-4    Shoals: Lair:2-4       Elf: Orc:2

Shops:
D:4 *   D:7 *

Annotations:
D:10 exclusion: downstairs
Orc:1 exclusion: oklob plant, Snorg


Innate Abilities, Weirdness & Mutations

You have an increased reservoir of magic. (+10% MP)


Message History

Snorg is severely wounded.
Snorg bites you! Snorg claws you but does no damage. x2
You are too injured to fight recklessly!
Casting: Infusion (safe; 1% risk of failure)
Confirm with . or Enter, or press ? or * to list all spells.
You draw out your weapon's spirit!
Snorg bites you!! Snorg claws you but does no damage. x2
You are too injured to fight recklessly!
You are too injured to fight recklessly!
You are too injured to fight recklessly!
You barely miss Snorg.
Snorg is severely wounded.
Snorg bites you!!
* * * LOW HITPOINT WARNING * * *
Snorg claws you!
* * * LOW HITPOINT WARNING * * *
Snorg claws you but does no damage. Snorg bites you!
* * * LOW HITPOINT WARNING * * *
Snorg claws you!
You die...

##....#### ###
###.....#..#
#.##
##.#........#
...#
#........#.##
##.#
##.#.##...##
##..#
#######.##
#...# ###
##...###
##......###
#.(♣....>.#
#.#.T.##>..#
#......###....#
#......## #..##
####.... $.#
#.#.... .#
###.... .#
#..... #


You could see Snorg (berserk) and a friendly spectral quarterstaff.

Vanquished Creatures
  2 hydras
  Harold (Orc:1)
  A skeletal warrior (D:10)
  Pikel (D:6)
  3 spiny frogs
  A centaur skeleton (D:10)
  2 komodo dragons (Lair:1)
  2 trolls
  Prince Ribbit (D:6)
  3 blink frogs (Lair:1)
  5 hippogriffs
  3 wraiths
  A wyvern (D:10)
  A basilisk (Lair:1)
  8 yaks
  A steam dragon (D:10)
  A hungry ghost (D:10)
  5 water moccasins
  2 porcupines (Lair:1)
  2 ice beasts
  11 orc warriors
  2 phantoms
  A hornet zombie (D:9)
  A sky beast (D:9)
  6 ogres
  6 wolves (Lair:2)
  2 centaurs
  A big kobold (D:10)
  2 crocodiles (Lair:1)
  A gnoll sergeant (D:10)
  An elf skeleton (D:9)
  14 bullfrogs
  A wyvern skeleton (D:9)
  4 killer bees (D:7)
  6 scorpions
  4 wights (D:8)
  3 howler monkeys
  3 bullfrog zombies
  5 crimson imps
  2 centaur zombies (D:7)
  4 jellies (D:10)
  8 orc priests
  A gnoll shaman (D:6)
  4 human zombies (D:9)
  3 hounds
  2 bullfrog skeletons (D:6)
  2 iguanas
  2 human skeletons (D:9)
  12 orc wizards
  10 worker ants
  3 mummies (D:9)
  A worker ant zombie (D:9)
  2 howler monkey zombies
  2 howler monkey skeletons
  11 adders
  15 gnolls
  An adder zombie (D:7)
  An adder skeleton (D:4)
  2 worms
  2 dart slugs (D:1)
  7 leopard geckos
  54 orcs
  3 ball pythons
  5 giant cockroaches
  7 hobgoblins
  8 jackals
  15 kobolds
  7 quokkas
  10 bats
  2 frilled lizards
  8 goblins
  A jackal skeleton (D:6)
  2 quokka skeletons
  8 rats
347 creatures vanquished.

Vanquished Creatures (others)
  A scorpion (D:6)
  A fungus (Lair:2)
  6 spectral weapons
8 creatures vanquished.

Grand Total: 355 creatures vanquished

Notes
Turn   | Place    | Note
-------+----------+-------------------------------------------
     0 | D:1      | Gunterle the Demigod Skald began the quest for the Orb.
     0 | D:1      | Reached XP level 1. HP: 17/17 MP: 5/5
    27 | D:1      | Reached skill level 1 in Armour
   166 | D:1      | Reached XP level 2. HP: 14/24 MP: 0/7
   979 | D:1      | Learned a level 2 spell: Shroud of Golubria
  1276 | D:1      | Reached XP level 3. HP: 29/29 MP: 8/8
  1280 | D:1      | Learned a level 2 spell: Song of Slaying
  2133 | D:2      | Reached XP level 4. HP: 32/36 MP: 1/10
  2963 | D:3      | Found a glowing golden altar of the Shining One.
  3101 | D:3      | Reached XP level 5. HP: 29/42 MP: 1/11
  4502 | D:4      | Reached XP level 6. HP: 50/50 MP: 5/13
  4848 | D:4      | Reached skill level 1 in Staves
  5000 | D:4      | Found a burning altar of Makhleb.
  5100 | D:4      | Found Byugolecw's Assorted Antiques.
  5103 | D:4      | Bought a thick malachite amulet for 135 gold pieces
  5405 | D:4      | Bought 2 purple potions for 48 gold pieces
  5405 | D:4      | Bought a smoky yellow potion for 24 gold pieces
  5432 | D:5      | Entered Level 5 of the Dungeon
  5464 | D:5      | Found a staircase to the Ecumenical Temple.
  5492 | D:5      | Reached XP level 7. HP: 49/57 MP: 1/14
  5862 | D:5      | Learned a level 3 spell: Spectral Weapon
  5866 | D:5      | Learned a level 3 spell: Regeneration
  6992 | D:6      | Noticed Prince Ribbit
  7123 | D:6      | Reached XP level 8. HP: 61/66 MP: 7/16
  7184 | D:6      | Learned a level 2 spell: Slow
  7212 | D:6      | Found a shattered altar of Ashenzari.
  7230 | D:6      | Found an iron altar of Okawaru.
  7396 | D:6      | Killed Prince Ribbit
  7699 | D:6      | Noticed Pikel
  7710 | D:6      | Killed Pikel
  7710 | D:6      | Reached skill level 5 in Charms
  7988 | D:6      | Found a deep blue altar of Sif Muna.
  7990 | D:6      | Found an ancient bone altar of Kikubaaqudgha.
  7990 | D:6      | Found an ornate altar of the Wu Jian Council.
  7992 | D:6      | Found a shadowy altar of Dithmenos.
  7992 | D:6      | Found an ancient bone altar of Kikubaaqudgha.
  7992 | D:6      | Found a shimmering altar of Xom.
  8477 | D:7      | Reached XP level 9. HP: 73/73 MP: 11/19
  8756 | D:6      | Learned a level 2 spell: Blink
  8844 | D:7      | Reached skill level 5 in Fighting
  8844 | D:7      | Reached skill level 1 in Hexes
  8844 | D:7      | Reached skill level 1 in Translocations
  8870 | D:7      | Found Vywobb's Assorted Antiques.
  8873 | D:7      | Bought a puce potion for 34 gold pieces
  9043 | D:7      | Reached skill level 5 in Dodging
  9469 | D:7      | Reached skill level 5 in Spellcasting
 11292 | D:9      | Found a staircase to the Lair.
 11482 | D:9      | Reached XP level 10. HP: 83/83 MP: 12/21
 11493 | D:9      | Found a basalt altar of Yredelemnul.
 11508 | D:9      | Reached skill level 5 in Staves
 12503 | D:10     | Entered Level 10 of the Dungeon
 12744 | D:10     | Found a bloodstained altar of Trog.
 13344 | D:10     | Found a staircase to the Orcish Mines.
 13711 | D:11     | Noticed a two-headed ogre
 13711 | D:11     | Noticed a skeletal warrior
 13711 | D:11     | Noticed a skeletal warrior
 13711 | D:11     | Noticed a skeletal warrior
 13712 | D:11     | Noticed a skeletal warrior
 13740 | D:10     | Killed a skeletal warrior
 14160 | Lair:1   | Entered Level 1 of the Lair of Beasts
 14539 | Lair:1   | Reached XP level 11. HP: 91/91 MP: 24/24
 15270 | Lair:1   | Noticed a four-headed hydra
 15277 | Lair:1   | Killed a four-headed hydra
 15277 | Lair:1   | Reached skill level 5 in Hexes
 15795 | Lair:2   | Reached skill level 1 in Necromancy
 15798 | Lair:2   | Identified Sif Muna's Reference Book on Fire and
                  | Contamination
 15811 | Lair:1   | Learned a level 4 spell: Sticky Flame
 16458 | Lair:2   | Reached skill level 1 in Conjurations
 16983 | Lair:2   | Noticed a seven-headed hydra
 16994 | Lair:2   | Killed a seven-headed hydra
 17155 | Lair:2   | Found a hole to the Spider Nest.
 17458 | Orc:1    | Entered Level 1 of the Orcish Mines
 18356 | Orc:1    | Noticed Harold
 18381 | Orc:1    | Killed Harold
 18633 | Orc:2    | Entered Level 2 of the Orcish Mines
 18916 | Orc:1    | Noticed Snorg
 18929 | Orc:1    | Slain by Snorg

Skill      XL: |  1  2  3  4  5  6  7  8  9 10 11 |
---------------+----------------------------------+-----
Armour         | 1 2 3 4 |  4.6
Dodging        | 2 3 4 5 6 7 |  7.6
Polearms       | 2 |  2.8
Spellcasting   | 2 3 4 5 6 7 |  7.1
Fighting       | 2 3 4 5 6 7 |  7.7
Charms         | 3 4 5 |  5.3
Staves         | 1 2 3 4 6 7 |  7.0
Hexes          | 3 4 5 |  5.3
Translocations | 2 4 |  4.9
Necromancy     | 2 |  2.8
Conjurations   | 2 |  2.3

Action                   |  1- 3 |  4- 6 |  7- 9 | 10-12 || total
-------------------------+-------+-------+-------+-------++-------
Melee: Spear             |   141 |   271 |   119 |       ||   531
       Trident           |       |       |   108 |       ||   108
       Quarterstaff      |       |       |   151 |   380 ||   531
       Whip              |       |       |       |    38 ||    38
Throw: Stone             |       |     2 |       |       ||     2
       Javelin           |       |     2 |     3 |       ||     5
 Cast: Infusion          |    23 |    35 |    47 |    46 ||   151
       Shroud of Golubri |     7 |    16 |    37 |    73 ||   133
       Song of Slaying   |     3 |    14 |    21 |    11 ||    49
       Spectral Weapon   |       |       |    28 |    69 ||    97
       Regeneration      |       |       |       |     9 ||     9
       Slow              |       |       |       |     2 ||     2
Evoke: Wand              |       |       |     8 |    20 ||    28
  Use: Scroll            |     3 |     4 |    12 |     8 ||    27
       Potion            |       |       |     3 |     7 ||    10
 Stab: Sleeping          |     1 |     1 |       |       ||     2
       Distracted        |       |     2 |     1 |     5 ||     8
  Eat: Chunk             |     5 |    12 |    15 |    22 ||    54
       Ration            |       |       |     2 |     1 ||     3
Armor: Leather armour    |    26 |    62 |    91 |   108 ||   287
       Scale mail        |       |       |       |    14 ||    14
       Skin              |       |       |       |    13 ||    13
Dodge: Dodged            |    73 |   156 |   217 |   286 ||   732
